 Dungeon Crawl Stone Soup version 0.18.1-48-g4cf74bf (webtiles) character file.

94 Iskender the Sneak (level 4, -10/21 HPs)
             Began as a Spriggan Artificer on July 7, 2016.
             Mangled by a thrashing horror (11 damage)
             ... on level 1 of the Abyss.
             The game lasted 00:22:21 (2680 turns).

Iskender the Sneak (Spriggan Artificer)             Turns: 2680, Time: 00:22:21

Health: -10/21     AC:  2    Str:  7    XL:     4   Next: 38%
Magic:  8/8        EV: 18    Int: 13    God:
Gold:   107        SH:  0    Dex: 17    Spells: 0 memorised, 3 levels left

rFire  . . .     SeeInvis +     k - +0 dagger (venom)
rCold  . . .     Gourm    .     p - +0 robe
rNeg   . . .     Faith    .     (shield restricted)
rPois  .         Spirit   .     (helmet restricted)
rElec  .         Dismiss  .     (no cloak)
rCorr  .         Reflect  .     (gloves unavailable)
SustAt .         Harm     .     (boots unavailable)
MR     .....                    (no amulet)
Stlth  +++.......               (no ring)
                                (no ring)

@: very quick, not resistant to hostile enchantments, fairly stealthy
A: unfitting armour, see invisible, herbivore 3, speed 3, slow metabolism 2
a: no special abilities


You were on level 1 of the Abyss.
You were not hungry.

You visited 1 branch of the dungeon, and saw 3 of its levels.
You visited the Abyss 1 time.

You collected 107 gold pieces.

Inventory:

Hand Weapons
 a - a +2 whip of distortion
 b - a +0 hunting sling
 k - a +0 dagger of venom (weapon)
 l - a +0 dagger
 y - a +0 blowgun
 A - a +0 short sword
Missiles
 g - 51 stones (quivered)
 m - 15 bolts
 o - 7 tomahawks
 r - 48 sling bullets
 z - 8 poisoned needles
Armour
 p - a +0 robe (worn)
 v - a +0 buckler
Wands
 c - a wand of flame (12/48)
 d - a wand of enslavement (15/24)
 e - a wand of random effects (5/48)
Scrolls
 j - a scroll of identify
 q - a scroll of remove curse
 u - a scroll of recharging
 w - a scroll of immolation {unknown}
 x - a scroll of teleportation {unknown}
Potions
 h - 2 potions of agility {unknown}
 i - a potion of cure mutation
 n - a potion of lignification {unknown}
 s - a potion of mutation {unknown}
 t - a potion of curing {unknown}
Comestibles
 f - a bread ration


   Skills:
 - Level 0.7 Fighting
 - Level 2.1 Short Blades
 + Level 0.7 Maces & Flails
 - Level 3.0 Dodging
 - Level 5.1 Stealth
 - Level 4.6 Evocations


You had 3 spell levels left.
You didn't know any spells.

Dungeon Overview and Level Annotations

Branches:
Dungeon (3/15)

Altars:


Innate Abilities, Weirdness & Mutations

You are tiny and cannot use many weapons and most armour.
You have supernaturally acute eyesight.
You are a herbivore.
You cover ground extremely quickly.
You need consume almost no food.


Message History

The thrashing horror closely misses you.
The thrashing horror barely misses you.
Found a curved copper wand.
The thrashing horror barely misses you.
The thrashing horror tramples you but does no damage.
The thrashing horror roars!
You hear a shout!
You hear a roar!
The thrashing horror misses you.
The thrashing horror closely misses you.
Found 17 stones.
A neqoxec comes into view.
The thrashing horror tramples you.
You stumble backwards!
Read which item? (? for menu, Esc to quit)
Okay, then.
The thrashing horror completely misses you.
The thrashing horror tramples you!
* * * LOW HITPOINT WARNING * * *
You stumble backwards!
The thrashing horror tramples you!
Ouch! That really hurt!
You die...

.ยง ## .#. ..
##.##.(##.#.. ...
#@##.#. ....#...#.
#X.##..#.#.#...#.#
#.###..#..# ./#.#
##.#.#...### .#..#
#...#....#..
.......
#.####.##......
##..# ..##.#.#..
#..##
..#.3....##.##.....
#....#.##.#
...##...


You could see a thrashing horror.

Vanquished Creatures
  2 adders (D:2)
  A worm (D:1)
  A giant gecko (D:1)
  An orc (D:3)
  5 giant cockroaches (D:1)
  5 goblins
  6 hobgoblins (D:1)
  13 jackals
  6 kobolds
  A quokka (D:1)
  A ball python (D:2)
  8 bats
  5 giant newts
  7 rats
62 creatures vanquished.

Vanquished Creatures (collateral kills)
  A goblin (D:2)
  A hobgoblin (D:2)
2 creatures vanquished.

Vanquished Creatures (others)
  A hobgoblin (D:1)
1 creature vanquished.

Grand Total: 65 creatures vanquished

Notes
Turn   | Place    | Note
--------------------------------------------------------------
     0 | D:1      | Iskender the Spriggan Artificer began the quest for the Orb.
     0 | D:1      | Reached XP level 1. HP: 9/9 MP: 4/4
    12 | D:1      | Reached skill level 2 in Stealth
   308 | D:1      | Reached skill level 3 in Stealth
   335 | D:1      | Reached XP level 2. HP: 14/14 MP: 6/6
   594 | D:1      | Reached skill level 4 in Stealth
   594 | D:1      | Reached XP level 3. HP: 17/17 MP: 7/7
  1748 | D:2      | Reached skill level 5 in Stealth
  1851 | D:2      | Reached XP level 4. HP: 17/21 MP: 8/8
  2588 | D:3      | Cast into level 1 of the Abyss (a distortion unwield)
  2588 | Abyss:1  | Found a corrupted altar of Lugonu.
  2630 | Abyss:1  | Noticed a basilisk
  2635 | Abyss:1  | Noticed a soul eater
  2641 | Abyss:1  | Noticed a small abomination
  2665 | Abyss:1  | Noticed a thrashing horror
  2667 | Abyss:1  | Noticed an ancient lich
  2675 | Abyss:1  | Noticed a neqoxec
  2678 | Abyss:1  | HP: 1/21 [thrashing horror (9)]
  2680 | Abyss:1  | Mangled by a thrashing horror

Skill      XL: |  1  2  3 |
---------------+----------+-----
Stealth        | 3 4 5 |  5.1
Short Blades   | 2 |  2.1
Fighting       | |  0.7
Maces & Flails | |  0.7
Dodging        | |  3.0
Evocations     | |  4.6

Action                   |  1- 3 |  4- 6 || total
-------------------------+-------+-------++-------
Melee: Short sword       |   123 |    20 ||   143
       Whip              |       |    21 ||    21
       Dagger            |       |    14 ||    14
 Fire: Hunting sling     |       |     1 ||     1
Throw: Stone             |    62 |     4 ||    66
Evoke: Wand              |    11 |     2 ||    13
  Use: Scroll            |     3 |     2 ||     5
 Stab: Sleeping          |     7 |     2 ||     9
       Distracted        |       |     1 ||     1
  Eat: Pizza             |     1 |       ||     1
Armor: Robe              |     8 |     5 ||    13
Dodge: Dodged            |    84 |    59 ||   143
